 Dungeon Crawl Stone Soup version 0.22-a0-570-g58866f5 (webtiles) character file.

72 jamsan the Skirmisher (level 4, 33/37 HPs)
             Began as a Demonspawn Monk on June 30, 2018.
             Quit the game on level 2 of the Dungeon.
             The game lasted 00:06:19 (1669 turns).

jamsan the Skirmisher (Demonspawn Monk)             Turns: 1669, Time: 00:06:20

Health: 33/37      AC:  4    Str: 12    XL:     4   Next: 6%
Magic:  4/4        EV: 13    Int: 12    God:
Gold:   146        SH:  0    Dex: 15    Spells: 3/3 levels left

rFire    . . .     SeeInvis .     - Unarmed
rCold    . . .     Gourm    .   (no shield)
rNeg     . . .     Faith    .   a - +0 robe
rPois    .         Spirit   .   (no helmet)
rElec    .         Reflect  .   (no cloak)
rCorr    .         Harm     .   (no gloves)
MR       .....                  (no boots)
Stlth    +++.......             (no amulet)
HPRegen  0.12/turn              (no ring)
MPRegen  0.09/turn              (no ring)

@: no status effects
A: icy blue scales 1, nightstalker 1
a: no special abilities


You were on level 2 of the Dungeon.
You were not hungry.

You visited 1 branch of the dungeon, and saw 2 of its levels.

You collected 146 gold pieces.

Inventory:

Armour
 a - a +0 robe (worn)
Jewellery
 e - an uncursed amulet of regeneration {unknown}
 g - an uncursed amulet of faith {unknown}
Scrolls
 f - a scroll of fear {unknown}
 h - 2 scrolls of teleportation {unknown}
 i - a scroll of immolation {unknown}
 j - 2 scrolls of identify {unknown}
 k - a scroll of remove curse {unknown}
 l - a scroll of magic mapping {unknown}
 m - 2 scrolls of blinking {unknown}
Potions
 d - a potion of curing
 n - a potion of agility {unknown}
Comestibles
 b - 4 rations


   Skills:
 + Level 4.0 Fighting
 - Level 2.7 Dodging
 - Level 1.9 Stealth
 + Level 3.6 Unarmed Combat


You had 3 spell levels left.
You didn't know any spells.
Your spell library was empty.

Dungeon Overview and Level Annotations

Branches:
Dungeon (2/15)

Altars:
Fedhas
Qazlal


Innate Abilities, Weirdness & Mutations

You are partially covered in icy blue scales. (AC +2)
You are slightly more attuned to the shadows.


Message History

This raw flesh tastes terrible.
An adder comes into view.
You see here a scroll labeled KURRUS OLOL.
The adder hisses angrily.
The adder misses you. x2
You barely miss the adder. The adder bites you.
You closely miss the adder. The adder bites you.
You hit the adder.
The adder is heavily wounded.
The adder closely misses you.
You hit the adder.
The adder is almost dead.
The adder closely misses you.
You hit the adder.
You kill the adder!
Your Fighting skill increases to level 4!
You have reached level 4!
You feel clever.
Your demonic ancestry asserts itself...
You slip into the darkness of the dungeon.
Are you sure you want to abandon this character and quit the game? (Confirm with "yes".)

##### ### ##...##
...# ####.....###.♣.♣
.............#.#
##........>♣#♣.♣#♣##
..............?....#
##.........♣÷♣.♣@♣..#
###♣.♣.....#####.†..#
# #......## ####.# #
♣.♣.♣.## # # #......
...# # .♣#♣# #..#
########### # #..#
#.......... # #..#
#.######### # #
########..###.##


There were no monsters in sight!

Vanquished Creatures
  An adder (D:2)
  A worm (D:2)
  A dart slug (D:1)
  A leopard gecko (D:1)
  12 bats
  3 giant cockroaches (D:1)
  9 goblins
  6 hobgoblins
  3 jackals (D:2)
  2 quokkas (D:2)
  5 frilled lizards
  4 kobolds
  4 rats (D:1)
52 creatures vanquished.

Vanquished Creatures (others)
  A plant (D:2)
1 creature vanquished.

Grand Total: 53 creatures vanquished

Notes
Turn   | Place    | Note
-------+----------+-------------------------------------------
     0 | D:1      | jamsan the Demonspawn Monk began the quest for the Orb.
     0 | D:1      | Reached XP level 1. HP: 18/18 MP: 1/1
    96 | D:1      | Gained mutation: You are partially covered in icy blue scales. (AC +2) [demonic ancestry]
    96 | D:1      | Reached XP level 2. HP: 24/24 MP: 2/2
   369 | D:1      | Reached XP level 3. HP: 27/29 MP: 3/3
   708 | D:2      | Found a stormy altar of Qazlal.
   710 | D:2      | Found a blossoming altar of Fedhas.
  1668 | D:2      | Reached skill level 4 in Fighting
  1668 | D:2      | Gained mutation: You are slightly more attuned to the shadows. [demonic ancestry]
  1668 | D:2      | Reached XP level 4. HP: 33/37 MP: 4/4
  1669 | D:2      | Quit the game

Vault maps used:
D:1:      roderic_chinese_lattice_arrival
D:2:      grunt_temple_overflow_forces_of_nature, serial_forest,
          infiniplex_forest_zigzag_1, infiniplex_forest_clump_C,
          infiniplex_forest_side_room, infiniplex_forest_lined_3_way,
          infiniplex_forest_diagonal, infiniplex_forest_straight_3,
          infiniplex_forest_lined_3_way, infiniplex_forest_clump_double,
          infiniplex_forest_lined_1, kennysheep_crisscross, grunt_ministairs_4

Skill      XL: |  1  2  3 |
---------------+----------+-----
Unarmed Combat | 3 |  3.6
Fighting       | 4 |  4.0
Dodging        | |  2.7
Stealth        | |  1.9

Action                   |  1- 3 |  4- 6 || total
-------------------------+-------+-------++-------
Melee: Unarmed           |   230 |       ||   230
       Punch             |     1 |       ||     1
  Use: Potion            |     1 |       ||     1
 Stab: Sleeping          |     8 |       ||     8
  Eat: Chunk             |     3 |       ||     3
Armor: Robe              |    72 |       ||    72
Dodge: Dodged            |   180 |       ||   180

Table legend:
 A = Spawn XP
 B = Non-spawn XP
 C = Spawn XP percentage of total XP
 D = Spawn monster count
 E = Non-spawn monster count
 F = Spawn count percentage of total count
 G = Total turns spent on level
                    A         B        C        D         E        F      G
               +---------+---------+-------+---------+---------+-------+---------
         Total |       0 |     103 |   0.0 |       0 |      52 |   0.0 |  1669
               +---------+---------+-------+---------+---------+-------+---------
           D:1 |       0 |      54 |   0.0 |       0 |      32 |   0.0 |   681
           D:2 |       0 |      49 |   0.0 |       0 |      20 |   0.0 |   988
               +---------+---------+-------+---------+---------+-------+---------
